 Dungeon Crawl Stone Soup version 0.32-a0-42-ga30500b4d3 (webtiles) character file.

Game seed: 8751843454338871607

247609 cforsyth the Eclecticist (level 20, 0/162 HPs)
             Began as a Djinni Hedge Wizard on Jan 31, 2024.
             Was an Initiate of Gozag.
             Killed from afar by a merfolk aquamancer (7 damage)
             ... with a ball of steam
             ... on level 4 of the Shoals.
             The game lasted 01:37:23 (50329 turns).

cforsyth the Eclecticist (Djinni Hedge Wizard)     Turns: 50329, Time: 01:37:24

Health: 0/162      AC: 17    Str:  7    XL:     20   Next: 81%
Gold:   11313      EV: 22    Int: 22    God:    Gozag SH:  0 Dex: 16

rFire   + + .        w - +8 dagger "Voiplil" {freeze, Will++ Str-2}
rCold   + . .        b - orb {light}
rNeg    . . .        T - +1 robe {rC+}
rPois   ∞            f - +1 helmet
rElec   .            P - +0 cloak of the Muttering Gods {rC+ Stlth+}
rCorr   .            g - +2 pair of gloves {hurl}
SInv    .            (boots unavailable)
Will    ++++.        U - amulet of regeneration
Stlth   +            C - +4 ring of protection
HPRegen 1.27/turn    D - +4 ring of protection
MPRegen 0.00/turn

%: infuse magic (-1 HP)
@: flying, glowing, studying Spellcasting
A: sickness immunity, fire resistance 2, cold vulnerability 1, float, innate
caster, HP casting, extra vitality 1
}: 1/15 runes: gossamer
a: Renounce Religion, Potion Petition, Call Merchant, Bribe Branch


You were on level 4 of the Shoals.
You worshipped Gozag.
Gozag was extremely pleased with you.
You visited 6 branches of the dungeon, and saw 31 of its levels.
You also visited: Gauntlet, Ice Cave and Volcano.

You collected 12841 gold pieces.
You spent 1488 gold pieces at shops.
You paid 40 gold pieces to Gozag.

Inventory:

Hand Weapons
 w - the +8 dagger "Voiplil" (weapon) {freeze, Will++ Str-2}
   (You found it on level 7 of the Dungeon)

   Str-2:     It affects your strength (-2).
   Will++:    It greatly increases your willpower.
Armour
 b - an orb of light (worn)
 f - a +1 helmet (worn)
 g - a +2 pair of gloves of hurling (worn)
 E - a +2 robe of willpower
 P - the +0 cloak of the Muttering Gods (worn) {rC+ Stlth+}
   (You acquired it in an ice cave)

   rC+:       It protects you from cold.
   Stlth+:    It makes you more stealthy.
 S - a +1 kite shield of fire resistance
 T - a +1 robe of cold resistance (worn)
 X - the +2 cloak of the Thief {*Fog Slay-2 SInv Stlth+}
   (You acquired it in an ice cave)

   *Fog:      It may release a thick cloud of smoke when the wearer is hurt.
   Slay-2:    It affects your accuracy & damage with ranged weapons and melee
   (-2).
   SInv:      It lets you see invisible.
   Stlth+:    It makes you more stealthy.
Jewellery
 c - the ring "Jukanecsau" {Fire rN+ Slay-2 SInv}
   (You found it in a Gauntlet)

   [ring of fire]

   Fire:      It enhances your fire magic.
   Slay-2:    It affects your accuracy & damage with ranged weapons and melee
   (-2).
   rF+:       It protects you from fire.
   rC-:       It makes you vulnerable to cold.
   rN+:       It protects you from negative energy.
   SInv:      It lets you see invisible.
 C - a +4 ring of protection (left hand)
 D - a +4 ring of protection (right hand)
 G - a ring of willpower
 R - a ring of resist corrosion
 U - an amulet of regeneration (around neck)
 Z - a ring of protection from cold
Wands
 u - a wand of digging (16)
 z - a wand of polymorph (14)
 F - a wand of iceblast (17)
 J - a wand of mindburst (20)
 L - a wand of charming (7)
 O - a wand of flame (21)
 Q - a wand of light (5)
Scrolls
 d - 2 scrolls of revelation
 e - 7 scrolls of blinking
 h - 6 scrolls of enchant armour
 j - 4 scrolls of torment
 m - 2 scrolls of fog
 o - 5 scrolls of immolation
 q - 2 scrolls of vulnerability
 r - 7 scrolls of noise
 s - 11 scrolls of teleportation
 v - 9 scrolls of poison
 y - 2 scrolls of brand weapon
 I - 3 scrolls of summoning
 K - a scroll of silence
 W - a scroll of fear
Potions
 a - 3 potions of enlightenment
 i - 3 potions of ambrosia
 k - a potion of cancellation
 l - 3 potions of berserk rage
 n - 13 potions of curing
 p - 7 potions of haste
 t - 6 potions of resistance
 x - 5 potions of attraction
 A - 5 potions of mutation
 B - 5 potions of invisibility
 H - 3 potions of brilliance
 M - 4 potions of heal wounds
 N - 4 potions of lignification
 Y - 4 potions of might
Miscellaneous
 V - a lightning rod (4/4)


   Skills:
 - Level 19.8 Fighting
 + Level 16.7 Dodging
 - Level 1.5 Stealth
 - Level 5.1 Shields
 + Level 20.5 Spellcasting
 + Level 18.9 Conjurations
 + Level 18.9 Hexes
 + Level 18.9 Summonings
 + Level 18.9 Necromancy
 + Level 18.9 Translocations
 + Level 18.9 Fire Magic
 + Level 18.9 Ice Magic
 + Level 18.9 Air Magic
 + Level 18.9 Earth Magic
 + Level 18.9 Alchemy


You knew the following spells:

 Your Spells              Type           Power      Damage    Failure   Level
a - Magic Dart            Conj           100%       1d8       0%          1
b - Slow                  Hex            100%       N/A       0%          1
c - Blink                 Tloc           100%       N/A       0%          2
d - Call Imp              Summ           100%       N/A       0%          2
e - Mephitic Cloud        Conj/Alch/Air  82%        N/A       0%          3
f - Necrotise             Necr           100%       1d9       0%          1
g - Lesser Beckoning      Tloc           100%       N/A       0%          2
h - Tukima's Dance        Hex            82%        N/A       0%          3
i - Teleport Other        Tloc           82%        N/A       0%          3
j - Arcjolt               Conj/Air       41%        1d51      1%          5
k - Borgnjor's Vile Clut  Necr/Erth      41%        N/A       1%          5
l - Bombard               Conj/Erth      41%        9d7       1%          6
m - Summon Hydra          Summ           41%        N/A       1%          7
w - Conjure Ball Lightni  Conj/Air       41%        3x3d13    1%          6
Your spell library was empty.

Dungeon Overview and Level Annotations

Branches:
Dungeon (15/15)            Temple (1/1) D:4            Lair (5/5) D:8
 Shoals (4/4) Lair:2       Spider (4/4) Lair:2        Slime (0/5) Lair:4
    Orc (2/2) D:10            Elf (0/3) Orc:2        Vaults (0/5) D:14
 Depths (0/4) D:15          IceCv (visited)         Volcano (visited)
Gauntlet (visited)

Altars:
Ashenzari
Cheibriados
Dithmenos
Elyvilon
Fedhas
Gozag
Hepliaklqana
Makhleb
Nemelex Xobeh
Okawaru
Qazlal
Ru
Trog
Uskayaw
Wu Jian
Xom
Yredelemnul
Zin
The Shining One

Shops:
D:4 (   D:7 [(   D:10 (   Orc:2 (=*?   Shoals:1 :

Portals:
Pandemonium: Orc:2

Annotations:
Lair:1 3 runed translucent doors, ChaoticPyre's ghost, journeyman DsGl; Thatotherguy's ghost, novice FeCj
Shoals:1 2 transporters, case's ghost, journeyman MiBe
Shoals:4 Mlioglotl


Innate Abilities, Weirdness & Mutations

You are immune to sickness and miasma.
You are immune to poison.
Your flesh is very heat resistant. (rF++)
You are vulnerable to cold. (rC-)
You float through the air rather than walking.
You learn spells naturally, not from books.
Your magical power is your life essence.
You have superior vitality. (+4 MHP)


Message History

Attack!
The cyclops hits your eight-headed hydra!
Your eight-headed hydra bites the cyclops but does no damage.
Your eight-headed hydra bites the cyclops! x3
Your eight-headed hydra bites the cyclops.
Your eight-headed hydra barely misses the cyclops.
Your eight-headed hydra bites the cyclops!
The cyclops dies!
You now have 11313 gold pieces (gained 31).
You hear a splash.
You start resting.
Your eight-headed hydra disappears in a puff of smoke!
A merfolk aquamancer comes into view. It is wielding a +1 rapier of venom.
A merfolk aquamancer is nearby!
Casting: Summon Hydra (mildly dangerous; 1% risk of failure)
Confirm with . or Enter, or press ? or * to list all spells.
An eight-headed hydra appears.
The merfolk aquamancer shouts!
* * * LOW HITPOINT WARNING * * *
Casting: Summon Hydra (mildly dangerous; 1% risk of failure)
Confirm with . or Enter, or press ? or * to list all spells.
An eight-headed hydra appears.
* * * LOW HITPOINT WARNING * * *
What are your orders? t - Shout!
Orders for allies: a - Attack new target. r - Retreat! s - Stop attacking. g - Guard the area. f - Follow me.
Anything else - Cancel.
Gang up on whom?
Press: ? - help, Dir - move target, f - merfolk aquamancer
Aim: a merfolk aquamancer, wielding a +1 rapier of venom and wearing a +0 robe (water, ally target) Attack!
The merfolk aquamancer gestures at you while chanting.
The shard of ice hits you!! You partially resist.
* * * LOW HITPOINT WARNING * * *
The merfolk aquamancer points at you and mumbles some strange words.
The ball of steam hits you! You resist.
You die...
Your body crumbles into a pile of gold.

#≈≈≈≈≈≈≈≈≈≈~~~...
#≈≈≈≈≈≈≈≈≈≈~~~~~~
#≈≈≈≈≈≈≈≈≈≈≈≈~~~~
#≈≈≈≈≈≈≈≈≈≈≈≈≈≈≈≈
#≈≈≈Dm≈≈≈≈≈≈≈≈≈≈≈
#≈≈≈≈≈≈≈≈≈≈≈≈≈≈≈≈
#≈≈§D≈≈≈≈≈≈≈≈≈≈≈≈
#≈§≈≈≈≈≈≈≈≈≈≈≈≈≈≈
#@≈≈≈≈≈≈≈≈≈≈≈≈≈≈≈
#################


You could see 2 friendly eight-headed hydras.

Vanquished Creatures
  Rupert (D:15)
  Gastronok (Lair:1)
  Agnes (Spider:1)
  Roxanne (Shoals:1)
  6 ghost moths
  An emperor scorpion (Spider:1)
  Louise (D:14)
  A frost giant (IceCv)
  An orc warlord (Orc:2)
  4 broodmothers
  A red draconian (Volcano)
  4 spark wasps
  A minotaur (Gauntlet)
  A merfolk javelineer (Shoals:4)
  An ettin (D:15)
  2 merfolk impalers
  Josephine (Orc:1)
  5 entropy weavers
  Erolcha (D:11)
  A vault guard (D:14)
  7 hydras
  3 demonspawn (Orc:2)
  2 merfolk avatars
  2 catoblepae
  An ogre mage (Volcano)
  Erica (D:8)
  4 radroaches (Spider:4)
  10 two-headed ogres
  9 centaur warriors
  A jorogumo (Spider:2)
  2 merfolk aquamancers
  7 boulder beetles
  2 death yaks (IceCv)
  Urug (D:13)
  4 demonic crawlers
  4 tengu warriors (D:15)
  6 orc high priests (Orc:2)
  Nergalle (Lair:3)
  7 skysharks
  4 pharaoh ants
  A fire crab (Lair:5)
  3 skeletal warriors (D:13)
  A deep troll (D:15)
  2 goliath frogs (Lair:5)
  11 sea snakes
  9 steelbarb worms
  A glowing orange brain (D:14)
  8 orb spiders
  24 harpies
  2 deep elf pyromancers
  5 orc knights
  A necromancer (D:15)
  9 orc sorcerers
  14 wolf spiders
  16 ugly things
  2 oklob plants (Lair:3)
  9 cyclopes
  3 kobold blastminers (Orc:2)
  15 manticores
  7 elephants
  7 merfolk sirens
  13 meliai
  3 moths of wrath
  3 black mambas
  2 water nymphs
  A rust devil (Gauntlet)
  24 cane toads
  An ice statue (IceCv)
  An eye of devastation (Lair:4)
  5 torpor snails
  4 orange demons
  An unseen horror (D:13)
  4 gargoyles
  A kobold demonologist (D:12)
  4 rime drakes
  12 komodo dragons
  Psyche (D:8)
  An efreet (D:14)
  2 tengu conjurers (D:15)
  A red devil (Orc:2)
  10 trolls
  13 merfolk
  14 polar bears
  9 wind drakes
  A hornet (D:9)
  2 tyrant leeches
  30 tarantellas
  20 blink frogs
  A blink frog (shapeshifter) (D:9)
  3 dream sheep (Shoals:3)
  A glass eye (Lair:4)
  11 snapping turtles
  20 jumping spiders
  65 yaks
  A centaur simulacrum (D:11)
  8 slime creatures
  2 shadows
  25 culicivoras
  A vampire (D:9)
  12 water elementals
  A ynoxinul (Gauntlet)
  5 wyverns
  3 fire bats (Orc:1)
  7 wraiths
  2 wargs
  7 basilisks
  A neqoxec (Orc:2)
  3 steam dragons
  15 vampire mosquitoes
  58 redbacks
  Duvessa (D:5)
  4 acid dragons
  14 water moccasins
  34 orc warriors
  2 sky beasts
  A black bear (D:6)
  An ice beast (D:7)
  32 wolves
  5 ogres
  17 centaurs
  3 kobold brigands
  26 bullfrogs
  4 gnoll sergeants
  4 scorpions
  A necrophage (D:5)
  3 wights (D:7)
  Dowan (D:5)
  A burial acolyte (D:5)
  10 killer bees
  5 electric eels
  5 howler monkeys
  A gnoll bouda (D:9)
  27 orc priests
  3 hounds
  2 jellies (D:7)
  4 iron imps (Gauntlet)
  3 sleepcaps
  19 orc wizards
  A mummy (D:5)
  13 gnolls
  7 adders
  2 shadow imps (D:5)
  2 white imps
  3 ufetubi
  3 dart slugs
  69 orcs
  6 ball pythons
  8 endoplasms
  2 giant cockroaches
  6 goblins
  5 hobgoblins
  2 jackals (D:2)
  4 quokkas (D:2)
  3 training dummies (D:10)
  6 bats
  A frilled lizard (D:1)
  15 kobolds
  7 rats
1097 creatures vanquished.

Vanquished Creatures (collateral kills)
  2 entropy weavers (Spider:2)
  A radroach (Spider:2)
  2 orb spiders (Spider:2)
  3 wolf spiders (Spider:2)
  A cyclops (Shoals:4)
  A tarantella (Spider:1)
  3 jumping spiders
  A culicivora (Spider:2)
  A wraith (D:7)
  7 redbacks
  Menkaure (D:4)
23 creatures vanquished.

Vanquished Creatures (others)
  A dancing weapon (D:6)
  11 ball lightnings (Lair:5)
12 creatures vanquished.

Grand Total: 1132 creatures vanquished

Notes
Turn   | Place    | Note
-------+----------+-------------------------------------------
     0 | D:1      | cforsyth the Djinni Hedge Wizard began the quest for the
                  | Orb.
     0 | D:1      | cforsyth set off with the following spells memorised: Magic
                  | Dart, Slow, Blink, Call Imp, Mephitic Cloud.
     0 | D:1      | Reached XP level 1. HP: 15/15 MP: 0/0
    93 | D:1      | Reached XP level 2. HP: 15/22 MP: 0/0
   184 | D:1      | Reached skill level 1 in Fighting
   382 | D:1      | Found a faded altar of an unknown god.
   415 | D:1      | Reached XP level 3. HP: 25/27 MP: 0/0
   415 | D:1      | Learned a level 1 spell: Necrotise
  1002 | D:2      | Reached XP level 4. HP: 23/33 MP: 0/0
  1717 | D:3      | Reached XP level 5. HP: 26/40 MP: 0/0
  1717 | D:3      | Learned a level 2 spell: Lesser Beckoning
  1997 | D:3      | Reached skill level 4 in Spellcasting
  2036 | D:3      | Reached XP level 6. HP: 24/46 MP: 0/0
  2626 | D:4      | Found a staircase to the Ecumenical Temple.
  2643 | D:4      | Noticed Menkaure
  2643 | D:4      | Noticed an ogre
  2659 | D:4      | Killed Menkaure
  2660 | D:4      | Reached XP level 7. HP: 14/53 MP: 0/0
  2660 | D:4      | Learned a level 3 spell: Tukima's Dance
  2663 | Temple   | Entered the Ecumenical Temple
  2822 | Temple   | Became a worshipper of Gozag Ym Sagoz the Greedy
  2868 | D:4      | Found Utuodgheu's Antique Weapon Shop.
  3034 | D:4      | Identified the +4 short sword "Pioliy" {drain, Dex+6}
  3283 | D:5      | Entered Level 5 of the Dungeon
  3300 | D:4      | HP: 1/79 [white imp/puff of frost (7)]
  3302 | D:4      | Reached skill level 5 in Fighting
  3477 | D:5      | Noticed Duvessa
  3480 | D:5      | Noticed a water moccasin
  3482 | D:5      | Reached skill level 5 in Spellcasting
  3482 | D:5      | Reached skill level 5 in Conjurations
  3482 | D:5      | Reached skill level 5 in Hexes
  3482 | D:5      | Reached skill level 5 in Summonings
  3482 | D:5      | Reached skill level 5 in Necromancy
  3482 | D:5      | Reached skill level 5 in Translocations
  3482 | D:5      | Reached skill level 5 in Fire Magic
  3482 | D:5      | Reached skill level 5 in Ice Magic
  3482 | D:5      | Reached skill level 5 in Air Magic
  3482 | D:5      | Reached skill level 5 in Earth Magic
  3482 | D:5      | Reached skill level 5 in Alchemy
  3505 | D:4      | Killed a water moccasin
  3886 | D:5      | Noticed a wraith
  3998 | D:5      | Found a transporter.
  3998 | D:5      | Found a basalt altar of Yredelemnul.
  3999 | D:5      | Found a transporter.
  4007 | D:5      | Noticed Dowan
  4084 | D:5      | Killed Dowan
  4085 | D:5      | Reached XP level 8. HP: 45/61 MP: 0/0
  4506 | D:6      | Identified a scroll of acquirement
  4509 | D:6      | Acquired 718 gold pieces
  4864 | D:6      | Reached skill level 6 in Spellcasting
  5077 | D:6      | Found a blossoming altar of Fedhas.
  5558 | D:6      | Found a blossoming altar of Fedhas.
  5837 | D:7      | Reached XP level 9. HP: 51/68 MP: 0/0
  5837 | D:7      | Learned a level 3 spell: Teleport Other
  6853 | D:7      | Found Qoik's Assorted Antiques.
  6957 | D:7      | Found Cekuleym's Armour Shop.
  6959 | D:7      | Found Podo's Weapon Boutique.
  7009 | D:7      | Reached skill level 7 in Spellcasting
  7459 | D:7      | Identified the +8 dagger "Voiplil" {freeze, Will++ Str-2}
  7656 | D:7      | Bought a +2 pair of gloves for 231 gold pieces
  8019 | D:8      | Noticed an elephant
  8037 | D:8      | Noticed Psyche
  8038 | D:8      | Reached XP level 10. HP: 68/78 MP: 0/0
  8226 | D:8      | Killed Psyche
  8227 | D:8      | Reached skill level 8 in Spellcasting
  8379 | D:8      | Found a staircase to the Lair.
  8424 | D:8      | Noticed Erica
  8447 | D:8      | Killed Erica
  8448 | D:8      | Reached skill level 10 in Fighting
  9063 | D:9      | Found a white marble altar of Elyvilon.
  9679 | D:9      | Reached skill level 9 in Spellcasting
  9971 | D:10     | Entered Level 10 of the Dungeon
  9971 | D:10     | Found a bloodstained altar of Trog.
 10316 | D:10     | Found Eheduhuc's Firing Range.
 10449 | D:10     | Reached XP level 11. HP: 60/87 MP: 0/0
 10449 | D:10     | Learned a level 5 spell: Arcjolt
 11639 | D:9      | Found an ornate altar of the Wu Jian Council.
 11770 | D:10     | Noticed a two-headed ogre
 11776 | D:10     | Killed a two-headed ogre
 12357 | D:10     | Found a staircase to the Orcish Mines.
 12470 | D:8      | Killed an elephant
 12471 | D:8      | Reached skill level 10 in Spellcasting
 12471 | D:8      | Reached skill level 10 in Conjurations
 12471 | D:8      | Reached skill level 10 in Hexes
 12471 | D:8      | Reached skill level 10 in Summonings
 12471 | D:8      | Reached skill level 10 in Necromancy
 12471 | D:8      | Reached skill level 10 in Translocations
 12471 | D:8      | Reached skill level 10 in Fire Magic
 12471 | D:8      | Reached skill level 10 in Ice Magic
 12471 | D:8      | Reached skill level 10 in Air Magic
 12471 | D:8      | Reached skill level 10 in Earth Magic
 12471 | D:8      | Reached skill level 10 in Alchemy
 13177 | D:5      | Killed Duvessa
 13808 | D:11     | Noticed a two-headed ogre
 13812 | D:11     | Killed a two-headed ogre
 14243 | D:11     | Noticed a cyclops
 14251 | D:11     | Killed a cyclops
 14262 | D:11     | Noticed a cyclops
 14267 | D:11     | Killed a cyclops
 14268 | D:11     | Reached XP level 12. HP: 12/98 MP: 0/0
 15538 | D:11     | Noticed Erolcha
 15545 | D:11     | Killed Erolcha
 15546 | D:11     | Reached skill level 11 in Spellcasting
 15554 | D:11     | Noticed a four-headed hydra
 15562 | D:11     | Killed a four-headed hydra
 17015 | D:12     | Reached XP level 13. HP: 81/106 MP: 0/0
 17015 | D:12     | Learned a level 5 spell: Borgnjor's Vile Clutch
 17377 | Lair:1   | Entered Level 1 of the Lair of Beasts
 17619 | Lair:1   | Reached skill level 15 in Fighting
 17731 | Lair:1   | Noticed Gastronok
 17780 | Lair:1   | Killed Gastronok
 17781 | Lair:1   | Reached skill level 12 in Spellcasting
 18735 | Lair:1   | Found a runed translucent gate.
 18735 | Lair:1   | Found a runed translucent gate.
 18735 | Lair:1   | Found a runed translucent gate.
 18865 | Lair:1   | Noticed ChaoticPyre's ghost (journeyman DsGl)
 18866 | Lair:1   | Noticed Thatotherguy's ghost (novice FeCj)
 19123 | Lair:2   | Found a staircase to the Shoals.
 19286 | Lair:2   | Found a hole to the Spider Nest.
 19423 | Lair:2   | Noticed an eight-headed hydra
 19443 | Lair:2   | Killed an eight-headed hydra
 19444 | Lair:2   | Reached XP level 14. HP: 66/117 MP: 0/0
 19746 | Lair:2   | Reached skill level 13 in Spellcasting
 22994 | Lair:3   | Noticed Nergalle
 23002 | Lair:3   | Killed Nergalle
 23998 | Lair:4   | You are sucked into a shaft and drop 1 floor!
 23998 | Lair:5   | Entered Level 5 of the Lair of Beasts
 24392 | Lair:4   | Reached skill level 14 in Spellcasting
 24444 | Lair:4   | Found a staircase to the Slime Pits.
 24779 | Lair:4   | Identified the +1 ring mail "Xequ" {-Cast rPois Will+}
 24942 | Lair:4   | Found a shadowy altar of Dithmenos.
 25194 | Lair:5   | Reached XP level 15. HP: 83/126 MP: 0/0
 25194 | Lair:5   | Learned a level 6 spell: Conjure Ball Lightning
 26994 | Lair:5   | Found a hide-covered altar of Uskayaw.
 26999 | Lair:5   | Found an ornate altar of the Wu Jian Council.
 28061 | Lair:5   | Identified the +1 great mace "Worm's Wrath" {protect, rF+
                  | rC+ rCorr}
 28564 | Orc:1    | Entered Level 1 of the Orcish Mines
 28590 | Orc:1    | Found a dark tunnel.
 28659 | Volcano  | Entered a volcano
 29079 | Volcano  | Found a bloodstained altar of Trog.
 29838 | Orc:1    | Noticed Josephine
 29847 | Orc:1    | Killed Josephine
 30182 | Orc:1    | Identified the death talisman of Evolution {rC+ rCorr
                  | Dex+3}
 30307 | Orc:2    | Entered Level 2 of the Orcish Mines
 30311 | Orc:2    | Reached skill level 15 in Spellcasting
 30311 | Orc:2    | Reached skill level 15 in Conjurations
 30311 | Orc:2    | Reached skill level 15 in Hexes
 30311 | Orc:2    | Reached skill level 15 in Summonings
 30311 | Orc:2    | Reached skill level 15 in Necromancy
 30311 | Orc:2    | Reached skill level 15 in Translocations
 30311 | Orc:2    | Reached skill level 15 in Fire Magic
 30311 | Orc:2    | Reached skill level 15 in Ice Magic
 30311 | Orc:2    | Reached skill level 15 in Air Magic
 30311 | Orc:2    | Reached skill level 15 in Earth Magic
 30311 | Orc:2    | Reached skill level 15 in Alchemy
 30598 | Orc:2    | Found a staircase to the Elven Halls.
 31827 | Orc:2    | Found Plog's Magic Scroll Emporium.
 31962 | Orc:2    | Found Innan's General Store.
 32134 | Orc:2    | Reached XP level 16. HP: 100/135 MP: 0/0
 32237 | Orc:2    | Bought a scroll of blinking for 120 gold pieces
 32237 | Orc:2    | Bought a scroll of teleportation for 48 gold pieces
 32237 | Orc:2    | Bought a scroll of summoning for 152 gold pieces
 32237 | Orc:2    | Bought a scroll of identify for 32 gold pieces
 32237 | Orc:2    | Bought a scroll of teleportation for 48 gold pieces
 32237 | Orc:2    | Bought a scroll of poison for 64 gold pieces
 32240 | Orc:2    | Bought a scroll of teleportation for 42 gold pieces
 33444 | Orc:2    | Found Sugruit's Jewellery Boutique.
 33444 | Orc:2    | Found Vurcha's Antique Weapon Shop.
 33445 | Orc:2    | Found a one-way gate leading to the halls of Pandemonium.
 33449 | Orc:2    | Bought an encrusted glaive for 391 gold pieces
 33449 | Orc:2    | Identified the +6 glaive of Cirghanou {flame, *Slow rN++
                  | Will+ rCorr} (You bought it in a shop on level 2 of the
                  | Orcish Mines)
 33456 | Orc:2    | Bought an amulet of regeneration for 360 gold pieces
 34363 | D:13     | Found a frozen archway.
 34372 | IceCv    | Entered an ice cave
 34919 | IceCv    | Noticed a frost giant
 34928 | IceCv    | Killed a frost giant
 34929 | IceCv    | Reached skill level 5 in Dodging
 35479 | IceCv    | Acquired the +2 cloak of the Thief {*Fog Slay-2 SInv
                  | Stlth+}
 35479 | IceCv    | Found the +2 cloak of the Thief {*Fog Slay-2 SInv Stlth+}
 35480 | IceCv    | Acquired the +0 cloak of the Muttering Gods {rC+ Stlth+}
 35585 | D:13     | Noticed Urug
 35601 | D:13     | Killed Urug
 35897 | D:13     | Reached skill level 16 in Spellcasting
 36505 | D:14     | Reached XP level 17. HP: 74/143 MP: 0/0
 36505 | D:14     | Learned a level 6 spell: Bombard
 36620 | D:14     | Found a gate to the Vaults.
 36668 | D:14     | Noticed Louise
 36692 | D:14     | Killed Louise
 37353 | D:15     | Entered Level 15 of the Dungeon
 37467 | D:15     | Found a gate leading to a gauntlet.
 37489 | Gauntlet | Entered a Gauntlet
 37489 | Gauntlet | Found a transporter.
 37489 | Gauntlet | Found a transporter.
 37543 | Gauntlet | Found a transporter.
 37544 | Gauntlet | Found a transporter.
 37553 | Gauntlet | Found a transporter.
 37555 | Gauntlet | Found a transporter.
 37566 | Gauntlet | Found a transporter.
 37585 | Gauntlet | Found a transporter.
 37600 | Gauntlet | Found a transporter.
 37603 | Gauntlet | Found a transporter.
 37611 | Gauntlet | Found a transporter.
 37614 | Gauntlet | Found a transporter.
 37824 | Gauntlet | Identified the ring "Jukanecsau" {Fire rN+ Slay-2 SInv}
 38163 | D:15     | Found a broken altar of Ashenzari.
 38889 | D:15     | Found a staircase to the Depths.
 38925 | D:15     | Noticed Rupert
 38935 | D:15     | Killed Rupert
 38936 | D:15     | Reached skill level 10 in Dodging
 39001 | D:15     | Found an opulent altar of Gozag.
 39295 | Spider:1 | Entered Level 1 of the Spider Nest
 39927 | Spider:1 | Noticed Agnes
 39936 | Spider:1 | Killed Agnes
 40121 | Spider:1 | Reached skill level 17 in Spellcasting
 40756 | Spider:2 | Reached XP level 18. HP: 134/149 MP: 0/0
 40756 | Spider:2 | Reached skill level 5 in Shields
 40756 | Spider:2 | Reached XP level 19. HP: 139/155 MP: 0/0
 40756 | Spider:2 | Learned a level 7 spell: Summon Hydra
 42542 | Spider:3 | Reached skill level 18 in Spellcasting
 43729 | Spider:4 | Entered Level 4 of the Spider Nest
 44949 | Spider:4 | Reached skill level 19 in Spellcasting
 45314 | Spider:4 | Reached XP level 20. HP: 144/162 MP: 0/0
 45527 | Spider:4 | Identified the +1 plate armour "Boirgh" {rF+}
 45602 | Spider:4 | Got a gossamer rune of Zot
 45797 | Shoals:1 | Entered Level 1 of the Shoals
 45797 | Shoals:1 | Noticed Roxanne
 46012 | Shoals:1 | Reached skill level 15 in Dodging
 46829 | Shoals:1 | Found Dugios's Book Boutique.
 47100 | Shoals:1 | Found a transporter.
 47140 | Shoals:1 | Noticed case's ghost (journeyman MiBe)
 47154 | Shoals:1 | Found a transporter.
 47441 | Shoals:1 | Killed Roxanne
 48647 | Shoals:3 | Reached skill level 20 in Spellcasting
 49943 | Shoals:4 | Entered Level 4 of the Shoals
 50271 | Shoals:4 | Noticed Mlioglotl
 50328 | Shoals:4 | HP: 6/162 [merfolk aquamancer/shard of ice (24)]
 50329 | Shoals:4 | Killed from afar by a merfolk aquamancer

Illustrated notes

Levels and vault maps discovered:
D:1:      amcnicky_arrival_single_pillar, layout_basic,
          nicolae_ecumenical_lake_church
D:2:      layout_rooms
D:3:      layout_basic, supply_closet_lemuel
D:4:      layout_basic, minmay_temple_entry_tees, serial_shops, shop,
          uniq_menkaure
D:5:      layout_cave_pools, gammafunk_temple_of_torment, uniq_duvessa
D:6:      layout_rooms, fedhas_bush_and_centaur_altar
D:7:      layout_rooms, st_stairs_9, nicolae_wooded_promenade, hex_medium,
          serial_bayou_pond_d
D:8:      layout_layer_cave, mainiacjoe_overflow_surrounded_room,
          david_lair_generic, uniq_erica, uniq_psyche
D:9:      layout_loops_ring, nzn_wu_jian_council_hall, elyvilon_altar_5
D:10:     layout_roguey, bloody_trog, kennysheep_orc_monster_closet_entryway,
          special_room [special_room_orc], nicolae_shop_firing_range
D:11:     minmay_chambers_of_sevens, layout_basic, uniq_erolcha
D:12:     layout_gridville
D:13:     layout_long_grid, portal_ice_cave_entry_pillars_1,
          minmay_misc_feat_enclosed, minmay_diced_spiral, uniq_urug
D:14:     layout_basic, hellmonk_vaults_order_and_chaos, uniq_louise
D:15:     hangedman_depths_entry_civil_slaughter, layout_irregular_city,
          evilmike_ruin_ashenzari, gauntlet_entry_generic,
          nicolae_gozag_seed_capital, uniq_rupert
Temple:   hellmonk_temple_of_storms
Lair:1:   layout_hall_layers, gammafunk_ghost_cemetery, uniq_gastronok
Lair:2:   nzn_winding_woodlands_cross [nzn_winding_woodlands_5x15_garden,
          nzn_winding_woodlands_5x15_zeroes, nzn_winding_woodlands_5x15_cabin,
          nzn_winding_woodlands_5x15_pool, nzn_winding_woodlands_15x15_eel_pit],
          layout_gridlike, elwin_shoals_entry_stream, dummy_spider_entry,
          st_stairs_3, bh_autumn_forest_stairs
Lair:3:   layout_misc_corridors, beast_lair_carwin_7, uniq_nergalle
Lair:4:   layout_gridlike, minmay_slime_entry_eyes, basic_altar,
          grunt_megastairs_3
Lair:5:   minmay_lair_end_frog_pond, layout_hall_layers,
          nzn_masters_of_martial_movement
Shoals:1: layout_shoals, serial_shops, shop, gammafunk_ghost_berserking_beasts,
          dpeg_stationary_puzzle
Shoals:2: layout_shoals
Shoals:3: cheibrodos_shoals_baths, layout_shoals
Shoals:4: shoals_end_simple, layout_shoals, uniq_mlioglotl, uniq_polyphemus
Spider:1: layout_spider_delve, uniq_agnes
Spider:2: layout_spider_delve
Spider:3: layout_spider_delve, nicolae_spider_baby_got_redback,
          hangedman_spider_tarantella_strand
Spider:4: grunt_spider_rune_parallel
Orc:1:    layout_diamond_mine, nicolae_volcano_entry_batcave,
          einodemon_barbed_minivault, uniq_josephine
Orc:2:    pf_orc_diabolical, layout_diamond_mine

Skill      XL: |  1  2  3  4  5  6  7  8  9 10 11 12 13 14 15 16 17 18 19 20 |
---------------+-------------------------------------------------------------+-----
Fighting       | 1 2 3 4 5 7 9 11 13 14 16 17 19 | 19.8
Spellcasting   | 4 5 6 7 9 10 11 12 14 15 16 17 19 20 | 20.5
Conjurations   | 4 5 6 7 9 10 11 12 14 15 16 17 18 | 18.9
Hexes          | 4 5 6 7 9 10 11 12 14 15 16 17 18 | 18.9
Summonings     | 4 5 6 7 9 10 11 12 14 15 16 17 18 | 18.9
Necromancy     | 4 5 6 7 9 10 11 12 14 15 16 17 18 | 18.9
Translocations | 4 5 6 7 9 10 11 12 14 15 16 17 18 | 18.9
Fire Magic     | 4 5 6 7 9 10 11 12 14 15 16 17 18 | 18.9
Ice Magic      | 4 5 6 7 9 10 11 12 14 15 16 17 18 | 18.9
Air Magic      | 4 5 6 7 9 10 11 12 14 15 16 17 18 | 18.9
Earth Magic    | 4 5 6 7 9 10 11 12 14 15 16 17 18 | 18.9
Alchemy        | 4 5 6 7 9 10 11 12 14 15 16 17 18 | 18.9
Dodging        | 7 11 14 16 | 16.7
Shields        | 5 |  5.1
Stealth        | |  1.5

Action                     |  1- 3 |  4- 6 |  7- 9 | 10-12 | 13-15 | 16-18 | 19-21 || total
---------------------------+-------+-------+-------+-------+-------+-------+-------++-------
  Melee: Dagger            |       |       |     1 |     2 |       |     6 |     9 ||    18
         Demon trident     |       |       |    33 |       |       |       |       ||    33
   Cast: Magic Dart        |    89 |   103 |   294 |   322 |   227 |    43 |       ||  1078
         Mephitic Cloud    |       |     5 |    15 |    54 |    13 |     8 |       ||    95
         Call Imp          |       |     1 |     6 |     2 |       |       |       ||     9
         Blink             |       |       |     2 |       |     2 |     1 |       ||     5
         Slow              |       |       |     1 |       |       |       |       ||     1
         Tukima's Dance    |       |       |     1 |       |       |    10 |       ||    11
         Teleport Other    |       |       |     1 |     4 |       |       |       ||     5
         Arcjolt           |       |       |       |   152 |   355 |   303 |    39 ||   849
         Borgnjor's Vile C |       |       |       |       |   157 |    75 |     8 ||   240
         Conjure Ball Ligh |       |       |       |       |     4 |       |       ||     4
         Bombard           |       |       |       |       |       |    68 |   523 ||   591
         Summon Hydra      |       |       |       |       |       |       |    33 ||    33
    Use: Potion            |       |       |     1 |     1 |       |     3 |     1 ||     6
         Scroll            |       |       |    18 |       |     8 |     9 |    15 ||    50
 Armour: Robe              |    20 |    14 |   105 |   139 |   179 |   231 |   222 ||   910
         Skin              |       |       |     1 |       |       |       |       ||     1
  Dodge: Dodged            |     8 |    19 |    88 |    87 |    97 |   181 |   219 ||   699

Table legend: (Time is in decaauts)
 A = Elapsed time spent in this place.
 B = Non-inter-level travel time spent in this place.
 C = Inter-level travel time spent in this place.
 D = Time resting spent in this place.
 E = Time spent auto-exploring this place.
 F = Levels seen in this place.
 G = Mean time per level.
                   A        B        C        D        E       F      G
               +--------+--------+--------+--------+--------+-----+--------+
         Total |  50467 |  48430 |   2037 |   8972 |  31766 |  34 | 1484.3 |
       Dungeon |  21017 |  19788 |   1229 |   3079 |  13747 |  15 | 1401.1 |
        Temple |    179 |    140 |     39 |    139 |      0 |   1 |  179.0 |
          Lair |  11316 |  10897 |    419 |   1793 |   7870 |   5 | 2263.2 |
        Shoals |   4337 |   4278 |     59 |    747 |   2892 |   4 | 1084.2 |
   Spider Nest |   6454 |   6224 |    230 |   1993 |   2885 |   4 | 1613.5 |
  Orcish Mines |   4793 |   4734 |     59 |   1103 |   2871 |   2 | 2396.5 |
      Ice Cave |   1163 |   1163 |      0 |    118 |    722 |   1 | 1163.0 |
       Volcano |    594 |    594 |      0 |      0 |    426 |   1 |  594.0 |
      Gauntlet |    609 |    609 |      0 |      0 |    353 |   1 |  609.0 |
               +--------+--------+--------+--------+--------+-----+--------+

Top non-repeatable levels by time:
   Orc:2: 3392 daAuts
  Lair:2: 3330 daAuts
  Lair:5: 2359 daAuts
  Lair:4: 2288 daAuts
    D:11: 2044 daAuts
     D:9: 1952 daAuts
    D:10: 1942 daAuts
Spider:4: 1903 daAuts
     D:8: 1859 daAuts
  Lair:3: 1683 daAuts
     D:7: 1673 daAuts
     D:6: 1656 daAuts
  Lair:1: 1654 daAuts
Spider:3: 1606 daAuts
Spider:2: 1560 daAuts
